noty, neutral male scurrid Tourist noty the Rambler Experience level: 1 Strength: 10 Dexterity: 11 Constitution: 14 Intelligence: 15 Wisdom: 10 Charisma: 14 Health: 9(9) Energy: 2(2) Def: 0 Gold: 638 Moves: 1400 Dungeon seed: AC12RFvpAFF-9afj Game ID: noty_1498607498 Your Inventory: Coins $ - 638 gold pieces Weapons a - 45 uncursed +2 darts (in quiver) Armor e - an uncursed +0 Hawaiian shirt (being worn) Comestibles b - 4 uncursed food rations c - 2 uncursed fortune cookies d - an uncursed tin of jackal meat f - 4 uncursed tripe rations g - 2 uncursed eggs Scrolls i - a blessed scroll of magic mapping j - 3 uncursed scrolls of magic mapping o - an uncursed scroll of confuse monster Potions h - 2 uncursed potions of extra healing Wands m - an uncursed wand of secret door detection (0:11) Tools k - an uncursed expensive camera (0:30) l - an uncursed credit card n - an uncursed oil lamp (0:1332) Spells and supernatural/magical abilities: Name Level Category Fail Memory W - pray for help -- divine ? -- Your skills at the end: Miscellaneous Skills wands [Basic] Weapon Skills dart [Basic] Spellcasting Skills Final Attributes: You were devoutly aligned. You had infravision. You were very stealthy. You are dead. Vanquished creatures: a paper golem a gas spore 4 giant rats 2 newts 4 humans 12 creatures vanquished. Voluntary challenges: You went without food. You did not adorn yourself with jewelry or accessories. You did not cause conflict. You were not invisible. You did not have reflection. You were not displaced. You were an atheist. You never hit with a wielded weapon. You were a pacifist. You did not use tools. You did not use plumbed fixtures. You did not drink any magical draughts. You were illiterate. You never genocided any monsters. You never polymorphed an object. You never changed form. You used no wishes. You never split a pudding. You never wrote Elbereth's name. You never violated your personal moral code. Dungeon overview: The Dungeons of Doom: levels 1 to 30 Level 1 a long staircase Level 2 Level 3 Level 4 Level 5 Level 6 Level 7 Level 8 Level 9 a fountain Level 10 Level 11 Level 12 Level 13 Level 14 Level 15 Level 16 Level 17 Level 18 Level 19 Level 20 Level 21 Level 22 Level 23 Level 24 Level 25 Level 26 Level 27 Level 28 Level 29 Level 30 <- You were here History has recorded: On T:1 you entered the Dungeons of Doom to retrieve the Amulet of Yendor! On T:4 you reached level 2 of The Dungeons of Doom. On T:7 you reached level 3 of The Dungeons of Doom. On T:9 you reached level 4 of The Dungeons of Doom. On T:11 you reached level 5 of The Dungeons of Doom. On T:13 you reached level 6 of The Dungeons of Doom. On T:16 you reached level 7 of The Dungeons of Doom. On T:18 you reached level 8 of The Dungeons of Doom. On T:20 you reached level 9 of The Dungeons of Doom. On T:22 you reached level 10 of The Dungeons of Doom. On T:26 you reached level 11 of The Dungeons of Doom. On T:28 you reached level 12 of The Dungeons of Doom. On T:31 you reached level 13 of The Dungeons of Doom. On T:33 you reached level 14 of The Dungeons of Doom. On T:35 you reached level 15 of The Dungeons of Doom. On T:35 you entered the Rogue tribute level. On T:37 you reached level 16 of The Dungeons of Doom. On T:40 you reached level 17 of The Dungeons of Doom. On T:42 you reached level 18 of The Dungeons of Doom. On T:44 you reached level 19 of The Dungeons of Doom. On T:48 you reached level 20 of The Dungeons of Doom. On T:50 you reached level 21 of The Dungeons of Doom. On T:52 you reached level 22 of The Dungeons of Doom. On T:71 you reached level 23 of The Dungeons of Doom. On T:73 you reached level 24 of The Dungeons of Doom. On T:76 you reached level 25 of The Dungeons of Doom. On T:78 you reached level 26 of The Dungeons of Doom. On T:80 you reached level 27 of The Dungeons of Doom. On T:82 you reached level 28 of The Dungeons of Doom. On T:85 you reached level 29 of The Dungeons of Doom. On T:87 you reached The Castle. Score breakdown: Gold: 0 ( 0 points) Experience: 1 level ( 0 points) Exploration: 30 levels ( 870 points) Discoveries: 2 items ( 100 points) Variety of kills: 5 monsters ( 250 points) Major goal: (nothing yet) ( 0 points) Survival: died (score multiplied by 3) Total score: 3660 Latest messages: The ground here is too hard to dig in. You faint from lack of food. You sense a faint wave of psychic energy. (5x) You come to. You have no weapon equipped. You start digging downward. The ground here is too hard to dig in. You start digging downward. The ground here is too hard to dig in. You start digging downward. The ground here is too hard to dig in. You faint from lack of food. You sense a faint wave of psychic energy. (6x) You come to. You have no weapon equipped. You start digging downward. The ground here is too hard to dig in. You faint from lack of food. You sense a faint wave of psychic energy. (3x) You die from starvation. Final status: Aloha noty the Tourist, died of starvation, while fainted from lack of food... You starved in The Dungeons of Doom on dungeon level 30 with 3660 points, and 638 pieces of gold, after 1400 moves. You were level 1 with a maximum of 9 hit points when you starved.